 Dungeon Crawl Stone Soup version 0.30-a0-422-g946f4849ff (webtiles) character file.

Game seed: 6997708142561372063

1055 flotson the Sneak (level 8, -2/61 HPs)
             Began as a Demonspawn Delver on Dec 8, 2022.
             Was an Initiate of Hepliaklqana.
             Slain by an ogre
             ... wielding a +0 giant spiked club
              (15 damage)
             ... on level 5 of the Dungeon.
             The game lasted 00:10:20 (4953 turns).

flotson the Sneak (Demonspawn Delver)               Turns: 4953, Time: 00:10:21

Health: -2/61      AC: 17    Str: 19    XL:     8   Next: 5%
Magic:  10/10      EV: 11    Int: 10    God:    Hepliaklqana [......]
Gold:   316        SH:  0    Dex: 14    Spells: 7/7 levels left

rFire   + . .      SeeInvis .    r - +0 trident
rCold   + . .      Faith    .    (no shield)
rNeg    . . .      Spirit   .    E - +0 scale mail {rF+}
rPois   .          Reflect  .    B - +0 helmet
rElec   .          Harm     .    D - +0 cloak
rCorr   +          Rampage  .    e - +0 pair of gloves
Will    .....                    i - +0 pair of boots
Stlth   ++........               u - amulet of the acrobat
HPRegen 0.30/turn                y - +4 ring of protection
MPRegen 0.12/turn                w - ring of resist corrosion

@: mighty
A: hooves 2, thin metallic scales 1, powered by pain 1, cold resistance 1,
strong 1
a: Renounce Religion


You were on level 5 of the Dungeon.
You worshipped Hepliaklqana.
Hepliaklqana was noncommittal.
You visited 2 branches of the dungeon, and saw 6 of its levels.

You collected 316 gold pieces.

Inventory:

Hand Weapons
 a - a +0 hand axe
 r - a +0 trident (weapon)
Missiles
 z - 7 atropa-tipped darts (quivered)
 H - 3 boomerangs
Armour
 e - a +0 pair of gloves (worn)
 i - a +0 pair of boots (worn)
 B - a +0 helmet (worn)
 D - a +0 cloak (worn)
 E - a +0 scale mail of fire resistance (worn)
Jewellery
 u - an amulet of the acrobat (around neck)
 w - a ring of resist corrosion (right hand)
 y - a +4 ring of protection (left hand)
 I - a ring of see invisible
Wands
 g - a wand of digging (3)
 h - a wand of iceblast (10)
 l - a wand of acid (1)
Scrolls
 b - 5 scrolls of teleportation {unknown}
 c - a scroll of fog
 d - 5 scrolls of magic mapping
 m - 2 scrolls of enchant armour {unknown}
 o - 5 scrolls of enchant weapon {unknown}
 p - 8 scrolls of identify {unknown}
 v - 2 scrolls of noise {unknown}
 x - a scroll of silence {unknown}
 C - a scroll of immolation {unknown}
 F - a scroll of poison {unknown}
 J - a scroll of fear
Potions
 f - a potion of haste
 j - 3 potions of heal wounds
 k - a potion of flight {unknown}
 n - 2 potions of brilliance
 q - a potion of curing {unknown}
 s - a potion of magic {unknown}
 t - 2 potions of mutation
 A - a potion of cancellation {unknown}
 G - a potion of berserk rage {unknown}
 K - a potion of lignification {unknown}


   Skills:
 + Level 4.9 Fighting
 - Level 1.7 Axes
 + Level 2.9 Throwing
 + Level 3.3 Armour
 + Level 3.9 Dodging
 - Level 5.0 Stealth
 + Level 3.3 Invocations
 + Level 3.7 Evocations


You had 7 spell levels left.
You didn't know any spells.
Your spell library contained the following spells:

 Spells                   Type           Power      Damage    Failure   Level
 Apportation              Tloc           0%         N/A       73%         1
 Necrotise                Necr           0%         1d4       73%         1
 Summon Small Mammal      Summ           0%         N/A       73%         1
 Static Discharge         Conj/Air       0%         2-2/arc   86%         2
 Vhi's Electric Charge    Tloc/Air       0%         N/A       97%         3
 Arcjolt                  Conj/Air       0%         1d10      100%        5
 Lightning Bolt           Conj/Air       0%         1d11      100%        5


Dungeon Overview and Level Annotations

Branches:
Dungeon (5/15)             Temple (1/1) D:4

Altars:
Hepliaklqana
Qazlal
Ru
Sif Muna
Uskayaw

Annotations:
D:3 Sigmund
D:5 Eustachio


Innate Abilities, Weirdness & Mutations

You have hoof-like feet.
You are partially covered in thin metallic scales. (AC +2)
You sometimes gain a little power by taking damage.
Your flesh is cold resistant. (rC+)
Your muscles are strong. (Str +4, Int/Dex -1)


Message History

Throw: 8 darts (atropa)
Press: ? - help, Q - select action, (/) - cycle Shift-Dir - straight line, f - ogre
Aim: an ogre, wielding a +0 giant spiked club (wandering, hasn't noticed you, 76% to hit, chance to blind on hit: 67%)
You throw an atropa-tipped dart. The atropa-tipped dart hits the ogre.
The ogre appears confused.
The ogre shouts!
The ogre seems less confused.
You barely miss the ogre.
The ogre shouts!
The ogre hits you but does no damage.
You hit the ogre.
The ogre is lightly wounded.
The ogre is no longer blind.
The ogre closely misses you.
You hit the ogre.
The ogre is lightly wounded.
The ogre hits you with a +0 giant spiked club!!
You barely miss the ogre.
The ogre is lightly wounded.
You puncture the ogre!
The ogre is severely wounded.
The ogre hits you with a +0 giant spiked club!
You are too injured to fight recklessly!
You are too injured to fight recklessly!
You are too injured to fight recklessly!
You are too injured to fight recklessly!
You are too injured to fight recklessly!
You are too injured to fight recklessly!
You are too injured to fight recklessly!
You are too injured to fight recklessly!
You are too injured to fight recklessly!
You barely miss the ogre.
The ogre is heavily wounded.
The ogre hits you with a +0 giant spiked club!
* * * LOW HITPOINT WARNING * * *
You focus on the pain.
You feel very mighty all of a sudden.
You barely miss the ogre.
The ogre is heavily wounded.
The ogre hits you with a +0 giant spiked club!
You die...

..## #.## .# ...####..# ##.
#.......# ##.. ##.......##
..######### #....)>...#
.#.##......#
#.....)...##.#<##......#
#..........$.#r##......#
#..........###.##......#
#######.........@....##...####
.............[...O(.....#.#
.................##...###O#
..................##..##..###
................#...........#
................#####.##.##.#
.......#.......## #..##.##.#
######........## #.##..##.## #
###.##.[## ###.##.###{.#


You could see an ogre.

Vanquished Creatures
  Menkaure (D:4)
  2 black bears
  A phantom (D:5)
  3 scorpions (D:5)
  A gnoll bouda (D:5)
  A jelly (D:4)
  5 orc priests (D:4)
  An iguana (D:5)
  3 orc wizards
  7 gnolls (D:5)
  2 adders
  A white imp (D:3)
  4 worms
  A dart slug (D:1)
  13 orcs
  4 ball pythons
  3 bats
  4 endoplasms
  2 giant cockroaches (D:3)
  10 goblins
  11 hobgoblins
  4 jackals (D:4)
  4 quokkas
  4 frilled lizards
  2 goblin skeletons (D:3)
  A goblin zombie (D:3)
  A hobgoblin zombie (D:3)
  4 kobolds
  2 kobold skeletons (D:3)
  2 orc skeletons (D:3)
  2 orc zombies (D:3)
  3 rats
109 creatures vanquished.

Notes
Turn   | Place    | Note
-------+----------+-------------------------------------------
     0 | D:5      | flotson the Demonspawn Delver began the quest for the Orb.
     0 | D:5      | Reached XP level 1. HP: 18/18 MP: 1/1
    27 | D:5      | Noticed Eustachio
   102 | D:5      | Noticed an ogre
   127 | D:5      | Noticed a scorpion
   226 | D:3      | Gained mutation: You are partially covered in thin metallic
                  | scales. (AC +2) [demonic ancestry]
   226 | D:3      | Reached XP level 2. HP: 22/24 MP: 2/2
   325 | D:3      | Reached skill level 1 in Evocations
   402 | D:2      | Reached XP level 3. HP: 29/29 MP: 3/3
   818 | D:2      | Reached skill level 1 in Armour
  1253 | D:1      | Gained mutation: You have large cloven feet. [demonic
                  | ancestry]
  1253 | D:1      | Reached XP level 4. HP: 34/35 MP: 4/4
  2165 | D:3      | Noticed Sigmund
  2505 | D:3      | Gained mutation: Your muscles are strong. (Str +4, Int/Dex
                  | -1) [potion of mutation]
  2505 | D:3      | Gained mutation: You are dopey. (Int -2) [potion of
                  | mutation]
  2505 | D:3      | Gained mutation: You have hidden genetic potential. [potion
                  | of mutation]
  2800 | D:4      | Reached skill level 5 in Stealth
  2800 | D:4      | Gained mutation: You have hoof-like feet. [demonic
                  | ancestry]
  2800 | D:4      | Reached XP level 5. HP: 7/42 MP: 5/5
  2817 | D:4      | Reached skill level 1 in Throwing
  2835 | D:4      | Gained mutation: Your flesh is cold resistant. (rC+)
                  | [hidden potential]
  2903 | D:4      | Found a shimmering blue altar of Sif Muna.
  3098 | D:4      | Noticed Menkaure
  3103 | D:4      | Killed Menkaure
  3104 | D:4      | Reached XP level 6. HP: 12/48 MP: 6/6
  3116 | D:4      | Lost mutation: You are dopey. (Int -2) [hidden potential]
  3116 | D:4      | Lost mutation: You have hidden genetic potential. [hidden
                  | potential expressed]
  3294 | D:4      | Found a staircase to the Ecumenical Temple.
  3301 | Temple   | Entered the Ecumenical Temple
  3314 | Temple   | Became a worshipper of Hepliaklqana the Forgotten
  3876 | D:4      | Found a hide-covered altar of Uskayaw.
  3900 | D:4      | Reached skill level 1 in Invocations
  3900 | D:4      | Reached XP level 7. HP: 18/55 MP: 7/7
  4799 | D:5      | Gained mutation: You sometimes gain a little power by
                  | taking damage. [demonic ancestry]
  4799 | D:5      | Reached XP level 8. HP: 53/61 MP: 10/10
  4953 | D:5      | Slain by an ogre

Illustrated notes

Levels and vault maps discovered:
D:1:      noname_arrival_rooms_in_the_neighbourhood, layout_basic,
          chequers_serial_rivers_large_b, minmay_unequal
D:2:      layout_basic, nicolae_titane
D:3:      layout_rooms, nicolae_tso_besieged_by_evil, uniq_sigmund
D:4:      layout_loops_corners, mainiacjoe_overflow_tiny_flanked,
          mainiacjoe_overflow_concentric_impassable,
          minmay_temple_entry_steel_oval, uniq_menkaure
D:5:      layout_rooms, uniq_eustachio
Temple:   nicolae_temple_god_jail

Skill      XL: |  1  2  3  4  5  6  7 |
---------------+----------------------+-----
Dodging        | 2 3 |  3.9
Evocations     | 1 2 3 |  3.7
Armour         | 1 2 3 |  3.3
Stealth        | 5 |  5.0
Throwing       | 1 2 |  2.9
Fighting       | 4 |  4.9
Invocations    | 1 3 |  3.3
Axes           | |  1.7

Action                   |  1- 3 |  4- 6 |  7- 9 || total
-------------------------+-------+-------+-------++-------
Melee: Hand axe          |    77 |       |       ||    77
       Trident           |    67 |   180 |   162 ||   409
       Punch             |       |     1 |     1 ||     2
Throw: Dart              |       |     2 |     1 ||     3
Evoke: Wand              |       |     7 |     2 ||     9
  Use: Scroll            |     1 |       |       ||     1
       Potion            |       |     5 |       ||     5
 Stab: Sleeping          |     6 |     6 |     1 ||    13
Armor: Leather armour    |    32 |       |       ||    32
       Ring mail         |    12 |    64 |       ||    76
       Scale mail        |       |    22 |   101 ||   123
Dodge: Dodged            |    80 |    82 |   138 ||   300

Table legend: (Time is in decaauts)
 A = Elapsed time spent in this place.
 B = Non-inter-level travel time spent in this place.
 C = Inter-level travel time spent in this place.
 D = Time resting spent in this place.
 E = Time spent auto-exploring this place.
 F = Levels seen in this place.
 G = Mean time per level.
                   A        B        C        D        E       F      G
               +--------+--------+--------+--------+--------+-----+--------+
         Total |   5100 |   4894 |    206 |    124 |   3527 |   6 |  850.0 |
       Dungeon |   5077 |   4880 |    197 |    124 |   3523 |   5 | 1015.4 |
        Temple |     22 |     13 |      9 |      0 |      4 |   1 |   22.0 |
               +--------+--------+--------+--------+--------+-----+--------+

Top non-repeatable levels by time:
     D:4: 1512 daAuts
     D:2: 1112 daAuts
     D:5: 987 daAuts
     D:1: 800 daAuts
     D:3: 665 daAuts
  Temple: 22 daAuts
